 Dungeon Crawl Stone Soup version 0.31-a0-832-g3a2c1c66ba (webtiles) character file.

Game seed: 10543735387633138484

4 Ivernyr the Ruffian (level 1, 10/10 HPs)
             Began as a Vine Stalker Shapeshifter on Sept 25, 2023.
             Got out of the dungeon alive.
             The game lasted 00:01:50 (54 turns).

Ivernyr the Ruffian (Vine Stalker Shapeshifter)       Turns: 54, Time: 00:01:51

Health: 10/10      AC:  2    Str: 16    XL:     1   Next: 60%
Magic:  2/2        EV: 12    Int: 10    God:
Gold:   0          SH:  0    Dex: 13    Spells: 0/0 levels left

rFire   . .          .
                       - Unarmed
rCold   . . .        (no shield)
rNeg    . . .        a - +0 animal skin
rPois   .            (helmet currently unavailable)
rElec   .            (cloak currently unavailable)
rCorr   .            (gloves currently unavailable)
SInv    .            (boots currently unavailable)
Will    .....        (no amulet)
Stlth   +            (no ring)
HPRegen 1.01/turn    (no ring)
MPRegen 0.08/turn

%: guardian spirit
@: beast-form
A: beast (slay +1), fangs 2, regeneration 1, magic shield, antimagic bite, no
potion heal 2
a: Begin Untransformation


You escaped.
You were a hulking beast.
You visited 1 branch of the dungeon, and saw 1 of its levels.

Inventory:

Armour
 a - a +0 animal skin (worn)
Talismans
 c - a beast talisman (active)
 d - a flux talisman
Scrolls
 e - a scroll of silence {unknown}
Potions
 b - a potion of lignification


   Skills:
 + Level 1.0 Fighting
 + Level 1.6 Dodging
 * Level 3.1 Unarmed Combat
 + Level 3.0 Shapeshifting


You couldn't memorise any spells.
You didn't know any spells.
Your spell library was empty.

Dungeon Overview and Level Annotations

Branches:
Dungeon (1/15)

Altars:


Innate Abilities, Weirdness & Mutations

You are a hulking beast.
Your limbs bulge with bestial killing power. (Slay +1)
You have extremely sharp teeth.
Your natural rate of healing is unusually fast.
When hurt, damage is shared between your health and your magic reserves.
Your bite disrupts and absorbs the magic of your enemies.
Potions cannot restore your health.


Message History

A hobgoblin comes into view.
The rat closely misses you. The goblin barely misses you.
You barely miss the goblin.
The hobgoblin shouts!
The rat bites you. The goblin hits you with a +0 club.
You barely miss the goblin. The rat bites you. The goblin barely misses you.
The goblin closely misses you.
The hobgoblin attacks as it pursues you!
The hobgoblin closely misses you. The goblin closely misses you.
The hobgoblin attacks as it pursues you!
The hobgoblin barely misses you.
The rat twitches its whiskers.
You hit the rat.
You kill the rat!
You completely miss the goblin. You bite the goblin.
You kill the goblin!
Your Fighting skill increases to level 1!
The hobgoblin barely misses you.
Things that are here:
a +0 club; a goblin corpse; a rat corpse You hit the hobgoblin.
Your bite misses the hobgoblin.
The hobgoblin is severely wounded.
The hobgoblin hits you but does no damage.
You barely miss the hobgoblin.
You bite the hobgoblin, but do no damage.
The hobgoblin is severely wounded.
The hobgoblin barely misses you.
You hit the hobgoblin.
You kill the hobgoblin!
Key pressed, stopping explore.
Magic restored.
e - a scroll labelled JINNEKLAFU Autopickup is now off.
Autopickup is now on.
Welcome back, Ivernyr the Vine Stalker Shapeshifter.
Press ? for a list of commands and other information.
There is an open door here.
There is a staircase leading out of the dungeon here.
You have escaped!

#### #..#
###+###.h#
+.....'..#
####..#..####
#....###....#
#.....#.....#
#.⌠.#.⌠.#.#
#.......#.#
#.###...###.#
#........)..#


There were no monsters in sight!

Vanquished Creatures
  A goblin (D:1)
  A hobgoblin (D:1)
  2 rats (D:1)
4 creatures vanquished.

Notes
Turn   | Place    | Note
-------+----------+-------------------------------------------
     0 | D:1      | Ivernyr the Vine Stalker Shapeshifter began the quest for
                  | the Orb.
     0 | D:1      | Reached XP level 1. HP: 9/9 MP: 2/2
    21 | D:1      | Reached skill level 1 in Fighting
    54 | D:$      | Got out of the dungeon alive.

Illustrated notes

Levels and vault maps discovered:
D:1:      dpeg_arrival_court, layout_loops_corners, feat_on_display

Skill      XL: |  1 |
---------------+----+-----
Fighting       | 1 |  1.0
Dodging        | |  1.6
Unarmed Combat | |  3.1
Shapeshifting  | |  3.0

Action                     || total
---------------------------++-------
  Melee: Unarmed           ||     8
         Bite              ||     3
 Armour: Animal skin       ||     5
  Dodge: Dodged            ||    10

Table legend: (Time is in decaauts)
 A = Elapsed time spent in this place.
 B = Non-inter-level travel time spent in this place.
 C = Inter-level travel time spent in this place.
 D = Time resting spent in this place.
 E = Time spent auto-exploring this place.
 F = Levels seen in this place.
 G = Mean time per level.
                   A        B        C        D        E       F      G
               +--------+--------+--------+--------+--------+-----+--------+
         Total |     53 |     53 |      0 |      0 |     18 |   1 |   53.0 |
       Dungeon |     53 |     53 |      0 |      0 |     18 |   1 |   53.0 |
               +--------+--------+--------+--------+--------+-----+--------+

Top non-repeatable levels by time:
     D:1: 53 daAuts
